 Dungeon Crawl Stone Soup version 0.27.1-3-gb3d3a73c9e (webtiles) character file.

Game seed: 12540714522631948262

28 jlumianski the Insei (level 3, -1/23 HPs)
             Began as an Octopode Transmuter on Oct 22, 2021.
             Slain by a goblin (2 damage)
             ... led by Robin
             ... on level 1 of the Dungeon.
             The game lasted 00:05:37 (1835 turns).

jlumianski the Insei (Octopode Transmuter)          Turns: 1835, Time: 00:05:38

Health: -1/23      AC:  1    Str:  9    XL:     3   Next: 14%
Magic:  5/6        EV: 13    Int: 16    God:
Gold:   53         SH:  0    Dex: 12    Spells: 5/6 levels left

rFire    . . .     SeeInvis .     - Unarmed
rCold    . . .     Faith    .   (no shield)
rNeg     . . .     Spirit   .   (helmet currently unavailable)
rPois    .         Reflect  .   (no amulet)
rElec    .         Harm     .   (no ring)
rCorr    .         Rampage  .   (no ring)
Will     .....                  (no ring)
Stlth    +++.......             (no ring)
HPRegen  0.07/turn              (no ring)
MPRegen  0.10/turn              (no ring)
                                (no ring)
                                (no ring)

@: appendages
A: tentacle spike 3, almost no armour, amphibious, 8 rings, camouflage 1,
gelatinous body 1, (nimble swimmer 1), tentacles
a: End Transformation


You were on level 1 of the Dungeon.
One of your tentacles had grown a beastly spike.
You visited 1 branch of the dungeon, and saw 2 of its levels.

You collected 53 gold pieces.

Inventory:

Missiles
 a - 26 stones
Scrolls
 b - a scroll of teleportation {unknown}


   Skills:
 + Level 1.3 Fighting
 + Level 2.0 Dodging
 + Level 1.2 Stealth
 + Level 3.3 Unarmed Combat
 + Level 2.3 Spellcasting
 + Level 2.3 Transmutations


You had 5 spell levels left.
You knew the following spells:

 Your Spells              Type           Power      Damage    Failure   Level
a - Beastly Appendage     Tmut           18%        N/A       8%          1

Your spell library contained the following spells:

 Spells                   Type           Power      Damage    Failure   Level
 Wereblood                Tmut           9%         N/A       12%         2
 Spider Form              Tmut/Pois      2%         N/A       36%         3
 Ice Form                 Ice/Tmut       5%         N/A       77%         4


Dungeon Overview and Level Annotations

Branches:
Dungeon (2/15)

Altars:


Innate Abilities, Weirdness & Mutations

One of your tentacles has grown a beastly spike.
You cannot wear most types of armour.
You are amphibious.
You can wear up to eight rings at the same time.
Your skin changes colour to match your surroundings (Stealth+).
Your rubbery body absorbs attacks. (AC +1, EV +1)
((You are camouflaged near water. (Stealth+)))
You have tentacles for arms and can constrict up to eight enemies at once.


Message History

You climb upwards.
There is a stone staircase leading down here.
Casting: Beastly Appendage (safe; 8% risk of failure)
Confirm with . or Enter, or press ? or * to list all spells.
One of your tentacles grows a vicious spike.
The frilled lizard bites you.
You tentacle-slap the frilled lizard.
You kill the frilled lizard!
You start resting.
Magic restored.
You start resting.
Your transformation is almost over.
You start resting.
Your tentacle spike disappears.
You start resting.
HP restored.
Casting: Beastly Appendage (safe; 8% risk of failure)
Confirm with . or Enter, or press ? or * to list all spells.
One of your tentacles grows a vicious spike.
You climb downwards.
The goblin shouts!
You hear a shout!
The goblin barely misses you. x2; The goblin misses you.
The goblin hits you with a +0 dagger.
There is a stone staircase leading up here.
The goblin hits you with a +0 club. The goblin misses you.
The goblin barely misses you. The goblin hits you with a +0 dagger.
You climb upwards.
There is a stone staircase leading down here.
You closely miss the goblin. Your grab misses the goblin.
Your tentacle spike misses the goblin.
Your squeeze misses the goblin. The goblin hits you with a +0 club. x2
You closely miss the goblin. You grab the goblin. You constrict the goblin.
The goblin hits you with a +0 dagger. The goblin hits you with a +0 club.
* * * LOW HITPOINT WARNING * * *
The goblin closely misses you. The goblin hits you with a +0 club.
* * * LOW HITPOINT WARNING * * *
You completely miss the goblin.
You pierce the goblin.
You squeeze the goblin.
You kill the goblin!
The goblin barely misses you. The goblin hits you with a +0 club.
You die...

### ###### ##<# .....#
##..# ####.#######
####...##
##.........#######
##.......#
##..)..###.......#
##..).....##
.....#.........#.#
#..........#
##..######.....#)#
##.........#
##.........)...#@##
##........#
.##.######.....ggg##
##........ ..#.#
#.#.###...#####.........
....#
#.#.###....))...........
..###
#.......#######.........
.## ###'#####
#..⌠....... ## ##...##
##.......... ####
##.....## ##..⌠.⌠......
##.## ##.......##
##............


You could see 3 goblins.

Vanquished Creatures
  An endoplasm (D:1)
  3 giant cockroaches (D:1)
  3 goblins (D:1)
  2 hobgoblins (D:1)
  A quokka (D:1)
  5 ball pythons (D:1)
  2 bats (D:1)
  3 frilled lizards (D:1)
  7 kobolds (D:1)
  A rat (D:1)
28 creatures vanquished.

Vanquished Creatures (others)
  2 plants (D:1)
  4 withered plants (D:1)
6 creatures vanquished.

Grand Total: 34 creatures vanquished

Notes
Turn   | Place    | Note
-------+----------+-------------------------------------------
     0 | D:1      | jlumianski the Octopode Transmuter began the quest for the
                  | Orb.
     0 | D:1      | Reached XP level 1. HP: 13/13 MP: 3/3
   491 | D:1      | Reached XP level 2. HP: 14/18 MP: 3/5
   966 | D:1      | Found a faded altar of an unknown god.
  1303 | D:1      | Reached skill level 1 in Stealth
  1303 | D:1      | Reached XP level 3. HP: 23/23 MP: 6/6
  1834 | D:1      | HP: 1/23 [goblin[Robin] (4)]
  1835 | D:1      | Slain by a goblin

Illustrated notes

Levels and vault maps discovered:
D:1:      eino_arrival_cavern_a, layout_loops_corners,
          shapermc_ecumenical_altar_flowoftime
D:2:      layout_rooms, minmay_hexomino_u4, uniq_robin

Skill      XL: |  1  2 |
---------------+-------+-----
Stealth        | 1 |  1.2
Fighting       | |  1.3
Dodging        | |  2.0
Unarmed Combat | |  3.3
Spellcasting   | |  2.3
Transmutations | |  2.3

Action                   || total
-------------------------++-------
Melee: Unarmed           ||    87
       Constrict         ||    23
       Tentacles         ||    12
       Kick              ||    10
       Punch             ||     3
 Cast: Beastly Appendage ||    20
 Stab: Sleeping          ||     6
Armor: Skin              ||     3
Dodge: Dodged            ||    48
